 Dungeon Crawl Stone Soup version 0.20.0-10-g0535bb4 (webtiles) character file.

5 Gorglomux the Ruffian (level 1, 0/20 HPs)
             Began as an Ogre Transmuter on June 4, 2017.
             Was a Follower of Nemelex Xobeh.
             Slain by an ooze (4 damage)
             ... on level 2 of the Dungeon.
             The game lasted 00:00:57 (473 turns).

Gorglomux the Ruffian (Ogre Transmuter)              Turns: 473, Time: 00:00:58

Health: 0/20       AC:  5    Str: 13    XL:     1   Next: 80%
Magic:  3/3        EV: 10    Int: 14    God:    Nemelex Xobeh [*.....]
Gold:   13         SH:  0    Dex:  9    Spells: 3/4 levels left

rFire    . . .     SeeInvis .     - Unarmed
rCold    . . .     Gourm    .   (no shield)
rNeg     . . .     Faith    .   b - +0 robe
rPois    .         Spirit   .   (helmet restricted)
rElec    .         Reflect  .   e - +1 cloak
rCorr    .         Harm     .   (gloves unavailable)
MR       .....                  (boots unavailable)
Stlth    +.........             (no amulet)
Regen    0.1/turn               (no ring)
MPRegen  0.1/turn               (no ring)

@: no status effects
A: unfitting armour, tough skin 1
a: Renounce Religion


You were on level 2 of the Dungeon.
You worshipped Nemelex Xobeh.
Nemelex Xobeh was aware of your devotion.
You were not hungry.

You visited 1 branch of the dungeon, and saw 2 of its levels.

You collected 13 gold pieces.

Inventory:

Missiles
 a - 12 arrows
Armour
 b - a +0 robe (worn)
 e - a +1 cloak (worn)
Wands
 O - a wand of clouds (4/9)
Scrolls
 g - a scroll of recharging {unknown}
 h - a scroll of teleportation {unknown}
Potions
 P - a potion of curing {unknown}
Books
 c - a book of Changes

   Spells                             Type                      Level
   a - Beastly Appendage              Transmutation                1
   b - Sticks to Snakes               Transmutation                2
   c - Spider Form                    Transmutation/Poison         3
   d - Ice Form                       Ice/Transmutation            4
   e - Blade Hands                    Transmutation                5
Miscellaneous
 Q - a plain deck of destruction {drawn: 1} {god gift}
 R - a plain deck of summoning {god gift}
Comestibles
 d - a bread ration
 f - 3 chunks of flesh


   Skills:
 + Level 2.0 Fighting
 - Level 1.7 Dodging
 + Level 2.9 Unarmed Combat
 - Level 2.4 Spellcasting
 - Level 1.7 Transmutations


You had 3 spell levels left.
You knew the following spells:

 Your Spells              Type           Power        Failure   Level  Hunger
a - Beastly Appendage     Tmut           #.....       11%         1    #......


Dungeon Overview and Level Annotations

Branches:
Dungeon (2/15)

Altars:
Nemelex Xobeh


Innate Abilities, Weirdness & Mutations

You are too large for most types of armour.
You have tough skin. (AC +1)


Message History

Casting: Beastly Appendage
Confirm with . or Enter, or press ? or * to list all spells.
You don't know that spell.
There is a sparkling altar of Nemelex Xobeh here.
You see here a frilled lizard corpse.
You hit the ooze.
The ooze is moderately wounded.
The ooze hits you.
* * * LOW HITPOINT WARNING * * *
You barely miss the ooze.
The ooze is moderately wounded.
The ooze closely misses you.
You completely miss the ooze.
The ooze is moderately wounded.
The ooze hits you but does no damage.
You hit the ooze.
The ooze is moderately wounded.
The ooze hits you.
You die...
Your body disappears without a glow.

##............####.####.
........................
#............#####'###.
#........# #......##.
#........## #......##.
#.........## #.......#.
#.....8....# #######.#.
###..8J8...# #.#.
#.8(@(8..#########...
#..8.8............)..
#...8.....#########..
#...................>
............#####.......
.......!.....# #.......
.............# #.......
#####........# #...(###
#........# #....# #


You could see an ooze.

Vanquished Creatures
  A hobgoblin (D:2)
  A jackal (D:2)
  A frilled lizard (D:2)
  3 kobolds
6 creatures vanquished.

Notes
Turn   | Place    | Note
-------+----------+-------------------------------------------
     0 | D:1      | Gorglomux the Ogre Transmuter began the quest for the Orb.
     0 | D:1      | Reached XP level 1. HP: 19/19 MP: 3/3
   401 | D:2      | Found a faded altar of an unknown god.
   410 | D:2      | Became a worshipper of Nemelex Xobeh the Trickster
   410 | D:2      | Received a gift from Nemelex Xobeh
   410 | D:2      | Reached * piety under Nemelex Xobeh
   410 | D:2      | Received a gift from Nemelex Xobeh
   473 | D:2      | Slain by an ooze

Skill      XL: |  1 |
---------------+----+-----
Fighting       | 2 |  2.0
Dodging        | |  1.7
Unarmed Combat | |  2.9
Spellcasting   | |  2.4
Transmutations | |  1.7

Action                   || total
-------------------------++-------
Melee: Unarmed           ||    33
       Kick              ||     1
 Cast: Beastly Appendage ||     1
Evoke: Deck              ||     1
Armor: Robe              ||    14
Dodge: Dodged            ||    26
